NWL (28 & UNDER)
BISMARCK BARONS @ SAN DIEGO SMASHERS
08/01/2030
 
TOP OF THE 1ST
Bismarck Barons batting - Pitching for San Diego Smashers : LHP José Hernando
Pitching: LHP José Hernando
Batting: RHB Jason Smith 0-0: Foul Ball, location: 2F
0-1: Called Strike
0-2: Ball
1-2: Foul Ball, location: 2F
1-2: Strikes out swinging
Batting: RHB Gary Roberts 0-0: Ball
1-0: Ball
2-0: SINGLE (Line Drive, 7LS)
Batting: RHB Dave Anderson 0-0: Ball
1-0: Swinging Strike
1-1: Called Strike
1-2: DOUBLE (Groundball, 3L)
Gary Roberts to third
Runner from 3rd tries for Home, SAFE, no throw
Batting: RHB Luis Cherena 0-0: Ball
1-0: Ball
2-0: Foul Ball, location: 2F
2-1: Reached on error, E2 (Groundball, 15S)
Dave Anderson scores
Batting: RHB Jonathan Jackson 0-0: Called Strike
0-1: Fly out, F6 (Flyball, 6MD)
Batting: RHB Vincente Ramírez 0-0: Ball
1-0: Called Strike
1-1: DOUBLE (Line Drive, 9LS)
Luis Cherena scores
Batting: RHB Juan Martínez 0-0: Called Strike
0-1: Ball
1-1: Swinging Strike
1-2: Strikes out swinging
Top of the 1st over - 3 runs, 3 hits, 1 error, 1 left on base; Bismarck 3 - San Diego 0
BOTTOM OF THE 1ST
San Diego Smashers batting - Pitching for Bismarck Barons : LHP Esteban García
Pitching: LHP Esteban García
Batting: RHB Manny Torrez 0-0: Called Strike
0-1: Foul Ball, location: 2F
0-2: Ball
1-2: Ball
2-2: DOUBLE (Line Drive, 7LM)
Batting: LHB Ryan Rheaume 0-0: Ball
1-0: Ball
2-0: Ball
3-0: Called Strike
3-1: Base on Balls
Batting: LHB Vernon Hill 0-0: Called Strike
Throwing error on steal attempt, E2
Manny Torrez scores
Ryan Rheaume to third
0-1: Ball
1-1: Ball
2-1: Ball
3-1: Base on Balls
Batting: LHB Steven Smith 0-0: Ball
1-0: Foul Ball, location: 2F
1-1: SINGLE (Line Drive, 8RS)
Ryan Rheaume scores
Vernon Hill to second
Batting: RHB Ramón Ramírez 0-0: Ball
1-0: Ball
2-0: Ball
3-0: Called Strike
3-1: Foul Ball, location: 2F
3-2: Base on Balls
Vernon Hill to third
Steven Smith to second
Batting: RHB Juan García 0-0: Ball
1-0: SINGLE (Line Drive, 4M)
Vernon Hill scores
Steven Smith to third
Ramón Ramírez to second
Batting: RHB Ray Rogers 0-0: Swinging Strike
0-1: Ball
1-1: Foul Ball, location: 2F
1-2: Strikes out looking
Batting: RHB Sean Smith 0-0: Ball
1-0: Foul Ball, location: 2F
1-1: Fly out, F8 (Line Drive, 8LM)
Runner from 3rd tags up, OUT at HOME
Bottom of the 1st over - 3 runs, 3 hits, 1 error, 2 left on base; Bismarck 3 - San Diego 3
TOP OF THE 2ND
Bismarck Barons batting - Pitching for San Diego Smashers : LHP José Hernando
Batting: RHB Matt Cole 0-0: Ball
1-0: Called Strike
1-1: Foul Ball, location: 2F
1-2: Ball
2-2: Ball
3-2: Foul Ball, location: 2F
3-2: Foul Ball, location: 2F
3-2: Ground out 5-3 (Groundball, 56)
Batting: LHB Ralph Jackson 0-0: Swinging Strike
0-1: Called Strike
0-2: Ball
1-2: Ground out 6-3 (Groundball, 6M)
Batting: RHB Jason Smith 0-0: Foul Ball, location: 2F
0-1: Ground out 4-3 (Groundball, 4)
Top of the 2nd over - 0 runs, 0 hits, 0 errors, 0 left on base; Bismarck 3 - San Diego 3
BOTTOM OF THE 2ND
San Diego Smashers batting - Pitching for Bismarck Barons : LHP Esteban García
Batting: SHB Michael Aisher 0-0: Called Strike
0-1: Swinging Strike
0-2: Ball
1-2: Ball
2-2: DOUBLE (Line Drive, 8LD)
Batting: RHB Manny Torrez 0-0: Ball
1-0: Foul Ball, location: 2F
1-1: SINGLE (Groundball, 6MD)
Michael Aisher to third
Batting: LHB Ryan Rheaume 0-0: Called Strike
Manny Torrez steals 2nd base
0-1: Called Strike
0-2: Ball
1-2: Ball
2-2: Ground out 5-3 (Groundball, 56)
Michael Aisher scores
Batting: LHB Vernon Hill 0-0: Ball
Manny Torrez steals 3rd base
1-0: Ball
2-0: SINGLE (Line Drive, 9S)
Manny Torrez scores
Batting: LHB Steven Smith 0-0: Ball
1-0: Ball
2-0: Foul Ball, location: 2F
2-1: Ball
3-1: Base on Balls
Vernon Hill to second
Batting: RHB Ramón Ramírez 0-0: Called Strike
0-1: Fly out, F5 (Line Drive, 5L)
Batting: RHB Juan García 0-0: Swinging Strike
0-1: Ball
1-1: Called Strike
1-2: SINGLE (Groundball, 6S) (infield hit)
Vernon Hill to third
Steven Smith to second
Batting: RHB Ray Rogers 0-0: Ball
1-0: Called Strike
1-1: Foul Ball, location: 2F
1-2: Ball
2-2: Ball
3-2: Foul Ball, location: 2F
3-2: Base on Balls
Vernon Hill scores
Steven Smith to third
Juan García to second
Batting: RHB Sean Smith 0-0: Ball
1-0: Called Strike
1-1: Hit by Pitch
Steven Smith scores
Juan García to third
Ray Rogers to second
Batting: SHB Michael Aisher 0-0: SINGLE (Flyball, 78S)
Juan García scores
Ray Rogers to third
Sean Smith to second
Runner from 3rd tries for Home, SAFE, no throw
Batting: RHB Manny Torrez 0-0: Foul Ball, location: 2F
0-1: Foul Ball, location: 2F
0-2: Ball
1-2: Foul Ball, location: 2F
1-2: Ball
2-2: Ball
3-2: Foul Ball, location: 2F
3-2: SINGLE (Groundball, 6MD)
Sean Smith to third
Michael Aisher to second
Sean Smith scores
Michael Aisher to third
Batting: LHB Ryan Rheaume Pickoff Throw to First - Error! E1
Michael Aisher scores
Manny Torrez to second
0-0: Ball
1-0: Ball
2-0: Swinging Strike
2-1: SINGLE (Groundball, 56) (infield hit)
Manny Torrez to third
Batting: LHB Vernon Hill 0-0: Ball
1-0: Called Strike
1-1: Ball
2-1: Foul Ball, location: 2F
2-2: Ball
3-2: Ground out U3 (Groundball, 3L)
Bottom of the 2nd over - 8 runs, 7 hits, 1 error, 2 left on base; Bismarck 3 - San Diego 11
TOP OF THE 3RD
Bismarck Barons batting - Pitching for San Diego Smashers : LHP José Hernando
Batting: RHB Gary Roberts 0-0: Called Strike
0-1: Fly out, F4 (Line Drive, 4M)
Batting: RHB Dave Anderson 0-0: Called Strike
0-1: Foul Ball, location: 2F
0-2: Strikes out swinging, 2-3 out at first.
Batting: RHB Luis Cherena 0-0: Ball
1-0: Ball
2-0: Ball
3-0: Base on Balls
Batting: RHB Jonathan Jackson 0-0: Ball
1-0: Ball
2-0: Ball
3-0: Base on Balls
Luis Cherena to second
Batting: RHB Vincente Ramírez 0-0: Swinging Strike
0-1: Called Strike
0-2: Strikes out looking
Top of the 3rd over - 0 runs, 0 hits, 0 errors, 2 left on base; Bismarck 3 - San Diego 11
BOTTOM OF THE 3RD
San Diego Smashers batting - Pitching for Bismarck Barons : LHP Esteban García
Batting: LHB Steven Smith 0-0: Foul Ball, location: 2F
0-1: Ball
1-1: Ball
2-1: Swinging Strike
2-2: Fly out, F5 (Popup, 56S)
Batting: RHB Ramón Ramírez 0-0: Ball
1-0: Foul Ball, location: 2F
1-1: Ground out 3-1 (Groundball, 34)
Batting: RHB Juan García 0-0: Ball
1-0: Called Strike
1-1: Foul Ball, location: 2F
1-2: Ball
2-2: Ball
3-2: Ground out U3 (Groundball, 34)
Bottom of the 3rd over - 0 runs, 0 hits, 0 errors, 0 left on base; Bismarck 3 - San Diego 11
TOP OF THE 4TH
Bismarck Barons batting - Pitching for San Diego Smashers : LHP José Hernando
Batting: RHB Juan Martínez 0-0: Ball
1-0: Foul Ball, location: 2F
1-1: Ball
2-1: Reached via error on a dropped throw, E3
Batting: RHB Matt Cole 0-0: Fly out, F2 (Popup, 23F)
Batting: LHB Ralph Jackson 0-0: Fly out, F3 (Popup, 34S)
Batting: RHB Jason Smith 0-0: Ball
1-0: Called Strike
1-1: Ball
2-1: Ball
3-1: Base on Balls
Juan Martínez to second
Batting: RHB Gary Roberts 0-0: Ball
1-0: Ball
2-0: Called Strike
2-1: Called Strike
2-2: Foul Ball, location: 2F
2-2: Ball
3-2: Base on Balls
Juan Martínez to third
Jason Smith to second
Batting: RHB Dave Anderson 0-0: Called Strike
0-1: Ground out 4-3 (Groundball, 4)
Top of the 4th over - 0 runs, 0 hits, 1 error, 3 left on base; Bismarck 3 - San Diego 11
BOTTOM OF THE 4TH
San Diego Smashers batting - Pitching for Bismarck Barons : LHP Esteban García
Batting: RHB Ray Rogers 0-0: SOLO HOME RUN (Flyball, 7D), Distance : 346 ft
Batting: RHB Sean Smith 0-0: Ball
1-0: Ball
2-0: Ball
3-0: Called Strike
3-1: Reached on error, E3 (Groundball, 34)
Pitching: LHP Mario Peña
Batting: SHB Michael Aisher 0-0: Ball
1-0: Ball
2-0: Ball
3-0: Called Strike
3-1: Base on Balls
Sean Smith to second
Batting: RHB Manny Torrez 0-0: Ball
1-0: Ball
2-0: Swinging Strike
2-1: Fly out, F7 (Flyball, 7D)
Batting: LHB Ryan Rheaume 0-0: Ball
1-0: Ball
2-0: Ball
3-0: Called Strike
3-1: Base on Balls
Sean Smith to third
Michael Aisher to second
Batting: LHB Vernon Hill 0-0: Foul Ball, location: 2F
0-1: Ball
1-1: Called Strike
1-2: Ball
2-2: Ball
3-2: Base on Balls
Sean Smith scores
Michael Aisher to third
Ryan Rheaume to second
Batting: LHB Steven Smith 0-0: Foul Ball, location: 2F
0-1: Ball
1-1: Swinging Strike
1-2: Strikes out looking
Batting: RHB Ramón Ramírez 0-0: Called Strike
0-1: Ball
1-1: Foul Ball, location: 2F
1-2: Fielders Choice at 2nd, 6-4 (Groundball, 6)
Bottom of the 4th over - 2 runs, 1 hit, 1 error, 3 left on base; Bismarck 3 - San Diego 13
TOP OF THE 5TH
Bismarck Barons batting - Pitching for San Diego Smashers : LHP José Hernando
Batting: RHB Luis Cherena 0-0: Called Strike
0-1: Foul Ball, location: 2F
0-2: Ball
1-2: SINGLE (Line Drive, 8LS)
Batting: RHB Jonathan Jackson 0-0: Called Strike
0-1: Ball
1-1: Swinging Strike
1-2: Strikes out looking
Batting: RHB Vincente Ramírez 0-0: Foul Ball, location: 2F
0-1: Swinging Strike
0-2: Grounds into double play, 4-6-3 (Groundball, 4)
Top of the 5th over - 0 runs, 1 hit, 0 errors, 0 left on base; Bismarck 3 - San Diego 13
BOTTOM OF THE 5TH
San Diego Smashers batting - Pitching for Bismarck Barons : LHP Mario Peña
Batting: RHB Juan García 0-0: Called Strike
0-1: Ball
1-1: Swinging Strike
1-2: DOUBLE (Flyball, 8RD)
Batting: RHB Ray Rogers 0-0: Ball
1-0: Swinging Strike
1-1: Swinging Strike
1-2: Foul Ball, location: 2F
1-2: SINGLE (Flyball, 8RS)
Juan García to third
Batting: RHB Sean Smith 0-0: Ball
1-0: Called Strike
1-1: Ball
2-1: Ball
3-1: Base on Balls
Ray Rogers to second
Batting: SHB Michael Aisher 0-0: Ball
1-0: Grounds into fielders choice 1-2 (Groundball, 13)
Ray Rogers to third
Sean Smith to second
Batting: RHB Manny Torrez 0-0: Called Strike
0-1: Ball
1-1: Foul Ball, location: 2F
1-2: Foul Ball, location: 2F
1-2: Ball
2-2: Foul Ball, location: 2F
2-2: Grounds into double play, 6-4-3 (Groundball, 6)
Bottom of the 5th over - 0 runs, 2 hits, 0 errors, 2 left on base; Bismarck 3 - San Diego 13
TOP OF THE 6TH
Bismarck Barons batting - Pitching for San Diego Smashers : LHP José Hernando
Batting: RHB Juan Martínez 0-0: Foul Ball, location: 2F
0-1: Called Strike
0-2: Ball
1-2: Foul Ball, location: 2F
1-2: Ball
2-2: Foul Ball, location: 2F
2-2: Foul Ball, location: 2F
2-2: SINGLE (Line Drive, 78M)
Batting: RHB Matt Cole 0-0: Called Strike
0-1: Foul Ball, location: 2F
0-2: Ball
1-2: Foul Ball, location: 2F
1-2: Ball
2-2: Foul Ball, location: 2F
2-2: Ball
3-2: Foul Ball, location: 2F
3-2: Fly out, F9 (Flyball, 89XD)
Batting: LHB Ralph Jackson 0-0: Called Strike
0-1: Ball
1-1: Foul Ball, location: 2F
Error on foul ball, E9
1-2: Ball
Juan Martínez is caught stealing 2nd base
2-2: Ball
3-2: SOLO HOME RUN (Flyball, 89XD), Distance : 402 ft
Batting: RHB Jason Smith 0-0: Ball
1-0: Ball
2-0: Foul Ball, location: 2F
2-1: Ball
3-1: Base on Balls
Pitching: LHP Doug Ledoux
Batting: RHB Gary Roberts 0-0: Ball
1-0: Fielders Choice at 2nd, 6-4 (Groundball, 6)
Top of the 6th over - 1 run, 2 hits, 1 error, 1 left on base; Bismarck 4 - San Diego 13
BOTTOM OF THE 6TH
San Diego Smashers batting - Pitching for Bismarck Barons : LHP Mario Peña
Batting: LHB Ryan Rheaume 0-0: Called Strike
0-1: Ball
1-1: Ball
2-1: Ball
3-1: Base on Balls
Batting: LHB Vernon Hill 0-0: Foul Ball, location: 2F
0-1: Foul Ball, location: 2F
0-2: Ball
1-2: Ball
2-2: Foul Ball, location: 2F
2-2: Ball
3-2: Foul Ball, location: 2F
3-2: Fly out, F9 (Flyball, 89D)
Batting: LHB Steven Smith 0-0: Ball
1-0: Foul Ball, location: 2F
1-1: Foul Ball, location: 2F
1-2: Foul Ball, location: 2F
1-2: Ball
2-2: 2-RUN HOME RUN (Flyball, 9LD), Distance : 363 ft
Batting: RHB Ramón Ramírez 0-0: Ball
1-0: SINGLE (Line Drive, 6D)
Batting: RHB Juan García 0-0: Called Strike
Ramón Ramírez steals 2nd base
0-1: Foul Ball, location: 2F
0-2: Fly out, F8 (Flyball, 8LM)
Batting: RHB Ray Rogers 0-0: Ball
1-0: Ball
2-0: Ball
3-0: Called Strike
3-1: SINGLE (Flyball, 89M)
Ramón Ramírez to third
Runner from 3rd tries for Home, SAFE, no throw
Batting: RHB Sean Smith 0-0: Called Strike
0-1: Ball
1-1: DOUBLE (Line Drive, 9LD)
Ray Rogers to third
Runner from 3rd tries for Home, SAFE, no throw
Batting: SHB Michael Aisher 0-0: Ball
1-0: Ball
2-0: SINGLE (Groundball, 56D)
Sean Smith to third
Runner from 3rd tries for Home, SAFE, no throw
Batting: RHB Manny Torrez 0-0: Ball
1-0: Reached on error, E5 (Groundball, 56S)
Michael Aisher to third
Batting: LHB Ryan Rheaume 0-0: SINGLE (Groundball, 34D)
Michael Aisher scores
Manny Torrez to third
Runner from 3rd tries for Home, SAFE, no throw
Batting: LHB Vernon Hill 0-0: Ball
1-0: Called Strike
1-1: Ball
2-1: Ball
3-1: Called Strike
3-2: Foul Ball, location: 2F
3-2: Foul Ball, location: 2F
3-2: Foul Ball, location: 2F
3-2: Base on Balls
Ryan Rheaume to second
Pitching: RHP Shaun Harris
Batting: LHB Steven Smith 0-0: Ball
1-0: Swinging Strike
1-1: Called Strike
1-2: Strikes out swinging
Bottom of the 6th over - 7 runs, 6 hits, 1 error, 2 left on base; Bismarck 4 - San Diego 20
TOP OF THE 7TH
Bismarck Barons batting - Pitching for San Diego Smashers : LHP Doug Ledoux
Batting: RHB Dave Anderson 0-0: Called Strike
0-1: Swinging Strike
0-2: Ball
1-2: Foul Ball, location: 2F
1-2: Ball
2-2: Strikes out looking
Batting: RHB Luis Cherena 0-0: Called Strike
0-1: Fly out, F9 (Flyball, 9LS)
Batting: RHB Jonathan Jackson 0-0: Ball
1-0: Foul Ball, location: 2F
1-1: Ball
2-1: Called Strike
2-2: Strikes out swinging, 2-3 out at first.
Top of the 7th over - 0 runs, 0 hits, 0 errors, 0 left on base; Bismarck 4 - San Diego 20
BOTTOM OF THE 7TH
San Diego Smashers batting - Pitching for Bismarck Barons : RHP Shaun Harris
Batting: RHB Ramón Ramírez 0-0: SINGLE (Groundball, 56) (infield hit)
Batting: RHB Juan García 0-0: Hit by Pitch
Ramón Ramírez to second
Batting: RHB Ray Rogers 0-0: Foul Ball, location: 2F
0-1: Ball
Balk!
Ramón Ramírez to third
Juan García to second
1-1: Foul Ball, location: 2F
1-2: Ball
2-2: Foul Ball, location: 2F
2-2: Strikes out swinging
Batting: RHB Sean Smith 0-0: Foul Ball, location: 2F
0-1: Hit by Pitch
Batting: SHB Michael Aisher 0-0: Called Strike
0-1: Foul Ball, location: 2F
0-2: Fly out, F9 (Flyball, 89M)
Runner from 3rd tags up, SCORES, throw made
Batting: RHB Manny Torrez 0-0: Called Strike
0-1: Called Strike
0-2: Ball
1-2: Ball
2-2: Foul Ball, location: 2F
2-2: Foul Ball, location: 2F
2-2: Fly out, F9 (Flyball, 89D)
Bottom of the 7th over - 1 run, 1 hit, 0 errors, 2 left on base; Bismarck 4 - San Diego 21
TOP OF THE 8TH
Bismarck Barons batting - Pitching for San Diego Smashers : LHP Doug Ledoux
Batting: RHB Vincente Ramírez 0-0: Called Strike
0-1: SINGLE (Groundball, 4MD)
Batting: RHB Juan Martínez 0-0: Foul Ball, location: 2F
0-1: Foul Ball, location: 2F
0-2: 2-RUN HOME RUN (Flyball, 7D), Distance : 340 ft
Batting: RHB Matt Cole 0-0: Ball
1-0: Ball
2-0: Swinging Strike
2-1: Swinging Strike
2-2: Ground out 5-3 (Groundball, 56)
Batting: LHB Ralph Jackson 0-0: Called Strike
0-1: Ball
1-1: Ball
2-1: Foul Ball, location: 2F
2-2: Strikes out looking
Batting: RHB Jason Smith 0-0: Called Strike
0-1: Ball
1-1: Ball
2-1: Ball
3-1: Foul Ball, location: 2F
3-2: Strikes out swinging
Top of the 8th over - 2 runs, 2 hits, 0 errors, 0 left on base; Bismarck 6 - San Diego 21
BOTTOM OF THE 8TH
San Diego Smashers batting - Pitching for Bismarck Barons : RHP Shaun Harris
Batting: LHB Ryan Rheaume 0-0: Ball
1-0: Swinging Strike
1-1: Ground out U3 (Groundball, 3)
Batting: LHB Vernon Hill 0-0: Fly out, F8 (Flyball, 8RS)
Batting: LHB Steven Smith 0-0: Ball
1-0: Fly out, F8 (Line Drive, 8RD)
Bottom of the 8th over - 0 runs, 0 hits, 0 errors, 0 left on base; Bismarck 6 - San Diego 21
TOP OF THE 9TH
Bismarck Barons batting - Pitching for San Diego Smashers : LHP Doug Ledoux
Now at C: Manuel Martínez
Batting: RHB Gary Roberts 0-0: Ball
1-0: SINGLE (Line Drive, 34)
Batting: RHB Dave Anderson 0-0: Ball
1-0: Ball
2-0: Foul Ball, location: 2F
2-1: Fly out, F9 (Flyball, 9S)
Batting: RHB Luis Cherena 0-0: Ball
1-0: Foul Ball, location: 2F
1-1: Foul Ball, location: 2F
1-2: Ball
2-2: Strikes out looking
Batting: RHB Jonathan Jackson 0-0: Called Strike
0-1: Swinging Strike
0-2: Ball
1-2: Strikes out swinging
Top of the 9th over - 0 runs, 1 hit, 0 errors, 1 left on base; Bismarck 6 - San Diego 21
Saturday, April 7th, 2018 - OOTP Baseball 18.8 Build 76